 Dungeon Sprint DCSS version 0.23.2 (webtiles) character file.

Game seed: 4746253164796434427

32 MartialLaw the Covered (level 3, 0/36 HPs)
             Began as a Minotaur Fighter on Mar 31, 2019.
             Drowned by a water elemental (7 damage)
             ... in the Dungeon (Sprint III: "The Ten Rune Challenge").
             The game lasted 00:00:46 (143 turns).

MartialLaw the Covered (Minotaur Fighter)            Turns: 143, Time: 00:00:47

Health: 0/36       AC:  7    Str: 21    XL:     3   Next: 10%
Magic:  2/2        EV:  7    Int:  5    God:
Gold:   0          SH: 10    Dex:  9    Spells: 2/2 levels left

rFire    . . .     SeeInvis .   a - +0 long sword
rCold    . . .     Gourm    .   c - +0 shield
rNeg     . . .     Faith    .   b - +0 scale mail
rPois    .         Spirit   .   (helmet restricted)
rElec    .         Reflect  .   (no cloak)
rCorr    .         Harm     .   (no gloves)
MR       .....     NoTele   +   (no boots)
Stlth    ..........             (no amulet)
HPRegen  0.12/turn              (no ring)
MPRegen  0.08/turn              (no ring)

@: engulfed (cannot breathe)
A: retaliatory headbutt, horns 2
a: no special abilities


You were in the Dungeon.
You were not hungry.

You visited 1 branch

Inventory:

Hand Weapons
 a - a +0 long sword (weapon)
Armour
 b - a +0 scale mail (worn)
 c - a +0 shield (worn)
Scrolls
 k - a scroll of blinking
Potions
 d - a potion of might
 e - a potion of curing
 g - a potion of heal wounds
 h - a potion of haste
 i - 2 potions of magic
 j - a potion of berserk rage
 l - a potion of cancellation {unknown}
Comestibles
 f - 2 rations
 m - 2 chunks of flesh


   Skills:
 + Level 5.2 Fighting
 * Level 4.1 Long Blades
 + Level 5.2 Armour
 + Level 0.1 Dodging
 + Level 5.2 Shields


You had 2 spell levels left.
You didn't know any spells.
Your spell library was empty.

Dungeon Overview and Level Annotations

Branches:
Dungeon (1/1)

Altars:


Innate Abilities, Weirdness & Mutations

You reflexively headbutt those who attack you in melee.
You have a pair of horns on your head.


Message History

Increase (S)trength, (I)ntelligence, or (D)exterity?
You feel stronger.
You open the door.
A water elemental comes into view.
The water elemental barely misses you. You block the water elemental's attack.
You slash the water elemental!
The water elemental is moderately damaged.
The water elemental hits you.
The water elemental engulfs you in water!
You block the water elemental's attack.
Your shield and scale mail prevent you from hitting the water elemental.
Your headbutt misses the water elemental.
The water elemental is moderately damaged.
* * * LOW HITPOINT WARNING * * *
Your lungs strain for air!
You block the water elemental's attack.
You hit the water elemental.
The water elemental is moderately damaged.
You die...

▓.....#....≈.♣ ♣♣.#
▓.....#...≈≈♣♣ ♣..#
▓.....#..≈≈≈≈♣♣♣..'
▓####'#..≈≈≈≈≈≈.♣.#
▓...÷÷#.≈≈≈≈≈≈....#
▓.....#.≈≈≈≈≈.....#
▓.....#.≈≈≈.......#
▓'#####...........#
▓.@E..............#
▓▓▓▓▓▓▓▓▓▓▓▓▓▓▓▓▓▓▓


You could see a water elemental.

Vanquished Creatures
  A human (D)
  2 oozes (D)
  A phantom (D)
  2 rats (D)
6 creatures vanquished.

Vanquished Creatures (others)
  A draconian scorcher (D)
  A yaktaur (D)
  6 hellions (D)
  3 plants (D)
11 creatures vanquished.

Grand Total: 17 creatures vanquished

Notes
Turn   | Place    | Note
-------+----------+-------------------------------------------
     0 | D        | MartialLaw the Minotaur Fighter began the quest for the
                  | Orb.
     0 | D        | Reached XP level 1. HP: 19/19 MP: 0/0
     8 | D        | Reached XP level 2. HP: 21/28 MP: 1/1
    58 | D        | Killed a yaktaur
    92 | D        | Killed a hellion
    92 | D        | Killed a hellion
    94 | D        | Killed a hellion
    95 | D        | Killed a hellion
   109 | D        | Killed a white draconian scorcher
   115 | D        | Killed a hellion
   115 | D        | Reached skill level 5 in Fighting
   115 | D        | Reached skill level 5 in Armour
   115 | D        | Reached skill level 5 in Shields
   115 | D        | Reached XP level 3. HP: 10/36 MP: 2/2
   117 | D        | Killed a hellion
   122 | D        | Noticed a water elemental
   143 | D        | Drowned by a water elemental

Skill      XL: |  1  2 |
---------------+-------+-----
Fighting       | 4 5 |  5.2
Armour         | 4 5 |  5.2
Shields        | 4 5 |  5.2
Long Blades    | 4 |  4.1
Dodging        | |  0.1

Action                   || total
-------------------------++-------
Melee: Long sword        ||    32
       Headbutt          ||     4
Armor: Scale mail        ||    10
Dodge: Dodged            ||     7
Block: Shield            ||    17
       Rpst.: Long sword ||     1
